 Dungeon Crawl Stone Soup version 0.21.1-1-g345015f (webtiles) character file.

42 grindst0ne the Bolt Thrower (level 3, -2/22 HPs)
             Began as a Kobold Arcane Marksman on Feb 24, 2018.
             Slain by a centaur skeleton (6 damage)
             ... on level 2 of the Dungeon.
             The game lasted 00:02:03 (1012 turns).

grindst0ne the Bolt Thrower (KoAM)                  Turns: 1012, Time: 00:02:03

Health: -2/22      AC:  2    Str:  8    XL:     3   Next: 77%
Magic:  4/4        EV: 15    Int: 14    God:
Gold:   63         SH:  0    Dex: 15    Spells: 3/4 levels left

rFire    . . .     SeeInvis .   a - +0 hand crossbow
rCold    . . .     Gourm    .   (shield restricted)
rNeg     . . .     Faith    .   e - +0 robe
rPois    .         Spirit   .   (no helmet)
rElec    .         Reflect  .   (no cloak)
rCorr    .         Harm     .   (no gloves)
MR       .....                  (no boots)
Stlth    +.........             (no amulet)
HPRegen  0.07/turn              (no ring)
MPRegen  0.09/turn              (no ring)

@: no status effects
A: small, carnivore
a: no special abilities


You were on level 2 of the Dungeon.
You were completely stuffed.

You visited 1 branch of the dungeon, and saw 2 of its levels.

You collected 63 gold pieces.

Inventory:

Hand Weapons
 a - a +0 hand crossbow (weapon)
Missiles
 d - 10 bolts (quivered)
Armour
 e - a +0 robe (worn)
Scrolls
 g - 2 scrolls of teleportation {unknown}
 k - 2 scrolls of identify {unknown}
Potions
 b - a potion of might {unknown}
 i - a potion of berserk rage {unknown}
 j - a potion of ambrosia {unknown}
Books
 c - a book of Debilitation

   Spells                             Type                      Level
   a - Corona                         Hexes                        1
   b - Slow                           Hexes                        2
   c - Inner Flame                    Hexes/Fire                   3
   d - Portal Projectile              Hexes/Translocation          3
   e - Cause Fear                     Hexes                        4
   f - Leda's Liquefaction            Hexes/Earth                  4
Comestibles
 f - 2 rations
 h - a chunk of flesh


   Skills:
 + Level 2.6 Fighting
 + Level 3.7 Crossbows
 - Level 2.4 Dodging
 - Level 1.1 Spellcasting
 - Level 3.0 Hexes


You had 3 spell levels left.
You knew the following spells:

 Your Spells              Type           Power        Failure   Level  Hunger
a - Corona                Hex            #......      8%          1    ##.....


Dungeon Overview and Level Annotations

Branches:
Dungeon (2/15)

Altars:


Innate Abilities, Weirdness & Mutations

You are small and have problems with some larger weapons.
You are carnivorous and can eat meat at any time.


Message History

You shoot a bolt. The bolt hits the centaur skeleton.
The centaur skeleton is lightly damaged.
The centaur skeleton hits you. The centaur skeleton barely misses you.
Firing (i - inventory):
d - 12 bolts (quivered)
Press: ? - help, Shift-Dir - straight line, f/p - centaur skeleton
Aim: a centaur skeleton (lightly damaged)
You shoot a bolt. The bolt hits the centaur skeleton.
The centaur skeleton is moderately damaged.
The centaur skeleton hits you. x2
* * * LOW HITPOINT WARNING * * *
The centaur skeleton hits you but does no damage.
The centaur skeleton hits you.
* * * LOW HITPOINT WARNING * * *
Firing (i - inventory):
d - 11 bolts (quivered)
Press: ? - help, Shift-Dir - straight line, f/p - centaur skeleton
Aim: a centaur skeleton (moderately damaged)
You shoot a bolt. The bolt hits the centaur skeleton!
The centaur skeleton is heavily damaged.
The centaur skeleton misses you. The centaur skeleton hits you.
You die...

#.#.....#....... ...
#.#............ ....#
#.#.....###...# #+# ....##
#####.#......##...###.# ......
.....#...............##.......
#.)##.....#.......(.........
#........##........(........
#.....##.##.................
#.....#....@Z..............
#<....#..##.............#..
#.....#.................#
#.....#.................#
.......#.......).........#
##.##....................# ...
..[..........รท......# #.#
.....##................. #..
........................


You could see a centaur skeleton.

Vanquished Creatures
  A worm (D:2)
  2 dart slugs (D:1)
  3 leopard geckos (D:1)
  7 bats
  A giant cockroach (D:1)
  4 goblins (D:1)
  2 hobgoblins (D:1)
  3 jackals (D:1)
  A ball python (D:1)
  3 frilled lizards
  A kobold (D:1)
  2 rats (D:1)
30 creatures vanquished.

Notes
Turn   | Place    | Note
-------+----------+-------------------------------------------
     0 | D:1      | grindst0ne the Kobold Arcane Marksman began the quest for the Orb.
     0 | D:1      | Reached XP level 1. HP: 12/12 MP: 2/2
    37 | D:1      | Reached XP level 2. HP: 16/16 MP: 3/3
   184 | D:1      | Reached XP level 3. HP: 20/21 MP: 4/4
  1012 | D:2      | Slain by a centaur skeleton

Skill      XL: |  1  2 |
---------------+-------+-----
Crossbows      | 3 |  3.7
Fighting       | 2 |  2.6
Dodging        | |  2.4
Spellcasting   | |  1.1
Hexes          | |  3.0

Action                   || total
-------------------------++-------
 Fire: Hand crossbow     ||    65
  Eat: Chunk             ||     9
Armor: Robe              ||     9
Dodge: Dodged            ||    32
